[Event "Turkish Club Cup 2019"]
[Site "Konya"]
[Date "2019.07.19"]
[Round "6"]
[White "Celik, Berkay"]
[Black "Mollaoglu, Ergin"]
[Result "0-1"]
[ECO "B21"]
[WhiteElo "1876"]
[BlackElo "2309"]
[Annotator "NA"]
[PlyCount "88"]
[EventDate "2019.07.16"]
[EventType "team-tourn"]
[EventCountry "TUR"]
[SourceTitle "playchess.com"]
[Source "ChessBase"]
[SourceQuality "1"]
[TimeControl "5400+30"]

1. e4 c5 2. Na3 Nc6 3. Bb5 Nf6 4. d3 g6 5. c3 Bg7 6. f4 O-O 7. Nf3 d5 8. e5 Ne8 9. O-O Nc7 10. Bxc6 $11 bxc6 11. Nc2 Rb8 12. d4 cxd4 13. Ncxd4 Bd7 14. Qa4 c5 15. Nc6 Rb6 16. Nxe7+ Qxe7 17. Qxa7 Rc6 18. b4 Nb5 19. Qa5 Rcc8 20. Bd2 Ra8 21. Qb6 Rfb8 22. Qxc5 Qxc5+ 23. bxc5 Bf8 24. Be3 Nxc3 25. Rf2 Rc8 26. Rc2 Na4 27. Rac1 Bf5 28. Rd2 Be4 29. c6 Ba3 30. Rf1 Rxc6 31. Ng5 Bc1 32. Nxe4 dxe4 33. Re2 Nc3 34. Ree1 Bxe3+ 35. Rxe3 Rxa2 36. h4 Rc4 37. Rfe1 Nd5 38. Rxe4 Rcc2 39. Rd4 Rxg2+ 40. Kh1 Ne7 41. e6 fxe6 42. Ra4 Rh2+ 43. Kg1 Rag2+ 44. Kf1 Nf5 0-1

[Event "Turkish Club Cup 2019"]
[Site "Konya"]
[Date "2019.07.19"]
[Round "6"]
[White "Kalayci, Nino"]
[Black "Senturk, Necaattin"]
[Result "1-0"]
[ECO "A03"]
[WhiteElo "1855"]
[BlackElo "1704"]
[Annotator "NA"]
[PlyCount "137"]
[EventDate "2019.07.16"]
[EventType "team-tourn"]
[EventCountry "TUR"]
[SourceTitle "playchess.com"]
[Source "ChessBase"]
[SourceQuality "1"]
[TimeControl "5400+30"]

1. b3 Nf6 2. Bb2 d5 3. e3 g6 4. f4 Bg7 5. Nf3 c6 6. Be2 O-O 7. O-O Nbd7 8. Kh1 Ne4 9. Bxg7 Kxg7 10. d3 Nef6 11. Qe1 Qc7 12. Nd4 e5 13. fxe5 Qxe5 14. Qg3 Qxg3 15. hxg3 Re8 16. Rf3 Ne5 17. Rf4 Neg4 18. Bxg4 Nxg4 19. Nd2 Rxe3 20. Raf1 f6 21. R4f3 Re7 22. c4 c5 23. Nb5 Re2 24. Nc7 Rb8 25. cxd5 Rxd2 26. Ne8+ Kh6 27. Nxf6 Nxf6 28. Rxf6 Bf5 29. R1xf5 Rxd3 30. Re5 Rd8 31. d6 R8xd6 32. Rf4 Rd7 33. Rxc5 Rxg3 34. Rh4+ Kg7 35. Rhc4 Rgd3 36. Kh2 Rd2 37. a4 R2d3 38. b4 Kf6 39. Rf4+ Ke6 40. Rcc4 Ke5 41. Rfe4+ Kd5 42. Rh4 Rf7 43. Rc5+ Kd6 44. Rc8 h5 45. Rd8+ Rd7 46. Rg8 Kc7 47. Rc4+ Kd6 48. Rxg6+ Kd5 49. Rc5+ Kd4 50. Rxh5 Kc4 51. b5 Kb4 52. Rg4+ Ka5 53. Rhh4 a6 54. bxa6 Kxa6 55. Rg5 R3d4 56. Rh6+ R7d6 57. Rxd6+ Rxd6 58. g4 Rd4 59. a5 Ra4 60. Kg3 b5 61. axb6 Kxb6 62. Rd5 Kc6 63. Rd3 Ra1 64. Kh4 Rh1+ 65. Kg5 Rg1 66. Kf5 Rf1+ 67. Kg6 Rg1 68. g5 Rg2 69. Kf6 1-0

[Event "Turkish Club Cup 2019"]
[Site "Konya"]
[Date "2019.07.19"]
[Round "6"]
[White "Unlu, Alp Bugra"]
[Black "Gurses, Ayberk"]
[Result "0-1"]
[ECO "B97"]
[WhiteElo "1832"]
[BlackElo "1770"]
[Annotator "NA"]
[PlyCount "110"]
[EventDate "2019.07.16"]
[EventType "team-tourn"]
[EventCountry "TUR"]
[SourceTitle "playchess.com"]
[Source "ChessBase"]
[SourceQuality "1"]
[TimeControl "5400+30"]

1. e4 c5 2. Nf3 d6 3. d4 cxd4 4. Nxd4 Nf6 5. Nc3 a6 6. Bg5 Nbd7 7. Be2 e6 8. f4 Qb6 9. Qd2 Qxb2 10. Rb1 Qa3 11. O-O Be7 12. Bf3 Qc5 13. Kh1 Qc7 14. Rbe1 h6 15. Bh4 g5 16. fxg5 hxg5 17. Bxg5 Ne5 18. Bd1 Nfg4 19. Bxg4 Nxg4 20. Nf3 Nxh2 21. Nxh2 Bxg5 22. Qxg5 Qxc3 23. Qf4 Qg7 24. Qxd6 Rg8 25. Rf2 Qg3 26. Qxg3 Rxg3 27. Ref1 Rg7 28. Nf3 Ke7 29. Ne5 f5 30. exf5 exf5 31. Re1 Kf6 32. Rd2 Re7 33. Rde2 Be6 34. Nd3 Rae8 35. Nf4 Bxa2 36. Rxe7 Rxe7 37. Rd1 Rc7 38. Rd2 Bf7 39. Rf2 Rc5 40. g4 a5 41. Nd3 Rb5 42. Rf4 Kg5 43. gxf5 Rxf5 44. Rd4 b5 45. Kg2 a4 46. Rd7 Bd5+ 47. Kg1 Be4 48. Nb4 Rc5 49. Rd2 Rc4 50. Na2 Rxc2 51. Rxc2 Bxc2 52. Kf2 Bb3 53. Nc1 Bc4 54. Ke3 a3 55. Kd4 a2 0-1

[Event "Turkish Club Cup 2019"]
[Site "Konya"]
[Date "2019.07.19"]
[Round "6"]
[White "Gonullu, Muhammed Sinan"]
[Black "Yildirim, Yasin"]
[Result "1/2-1/2"]
[ECO "A41"]
[WhiteElo "1823"]
[BlackElo "1619"]
[Annotator "NA"]
[PlyCount "36"]
[EventDate "2019.07.16"]
[EventType "team-tourn"]
[EventCountry "TUR"]
[SourceTitle "playchess.com"]
[Source "ChessBase"]
[SourceQuality "1"]
[TimeControl "5400+30"]

1. d4 d6 2. Nf3 Bg4 3. c3 Bxf3 4. gxf3 c6 5. Qb3 Qb6 6. Nd2 g6 7. e4 Bg7 8. Nc4 Qc7 9. Be3 Nf6 10. a4 O-O 11. Nd2 Nbd7 12. Qc2 e5 13. dxe5 dxe5 14. Rd1 Rad8 15. Rb1 Ra8 16. Rd1 Rad8 17. Rb1 Ra8 18. Rd1 Rad8 1/2-1/2

[Event "Turkish Club Cup 2019"]
[Site "Konya"]
[Date "2019.07.19"]
[Round "6"]
[White "Yorgun, Yaren Naz"]
[Black "Kocyigit, Buse Naz"]
[Result "1/2-1/2"]
[ECO "B05"]
[WhiteElo "1819"]
[BlackElo "2045"]
[Annotator "NA"]
[PlyCount "29"]
[EventDate "2019.07.16"]
[EventType "team-tourn"]
[EventCountry "TUR"]
[SourceTitle "playchess.com"]
[Source "ChessBase"]
[SourceQuality "1"]
[TimeControl "5400+30"]

1. e4 c6 2. d4 d5 3. exd5 cxd5 4. Nf3 Nf6 5. c3 Nc6 6. Bf4 Bg4 7. Be2 e6 8. O-O $11 Bd6 9. Bg5 O-O 10. Nbd2 Rb8 11. Nb3 Be7 12. Bf4 Bd6 13. Bg5 Be7 14. Bf4 Bd6 15. Bg5 1/2-1/2

[Event "Turkish Club Cup 2019"]
[Site "Konya"]
[Date "2019.07.19"]
[Round "6"]
[White "Temel, Burcu Melis"]
[Black "Gundogan, Sinem Cagla"]
[Result "1/2-1/2"]
[ECO "D13"]
[WhiteElo "1790"]
[BlackElo "1806"]
[Annotator "NA"]
[PlyCount "60"]
[EventDate "2019.07.16"]
[EventType "team-tourn"]
[EventCountry "TUR"]
[SourceTitle "playchess.com"]
[Source "ChessBase"]
[SourceQuality "1"]
[TimeControl "5400+30"]

1. d4 d5 2. c4 c6 3. cxd5 cxd5 4. Nc3 Nf6 5. Bf4 e6 6. e3 a6 7. Bd3 Bd6 8. Bxd6 Qxd6 9. Nf3 Nbd7 10. O-O O-O 11. Rc1 Rb8 12. Na4 e5 13. dxe5 Nxe5 14. Nxe5 Qxe5 15. Bb1 Be6 16. Qd4 Qxd4 17. exd4 Nd7 18. Nc5 Nxc5 19. Rxc5 Rbc8 20. Rfc1 Rxc5 21. Rxc5 Rc8 22. Rxc8+ Bxc8 23. a3 Kf8 24. Kf1 h6 25. Ke2 Ke7 26. Ke3 Kd6 27. g3 g6 28. Bd3 Bd7 29. h4 Ke7 30. Kf4 Kf6 1/2-1/2

[Event "Turkish Club Cup 2019"]
[Site "Konya"]
[Date "2019.07.19"]
[Round "6"]
[White "Durak, Ahmet"]
[Black "Can, Isik"]
[Result "1/2-1/2"]
[ECO "D34"]
[WhiteElo "1786"]
[BlackElo "2374"]
[Annotator "NA"]
[PlyCount "110"]
[EventDate "2019.07.16"]
[EventType "team-tourn"]
[EventCountry "TUR"]
[SourceTitle "playchess.com"]
[Source "ChessBase"]
[SourceQuality "1"]
[TimeControl "5400+30"]

1. Nf3 Nf6 2. g3 e6 3. Bg2 d5 4. O-O Be7 5. c4 c5 6. cxd5 exd5 7. d4 Nc6 8. Nc3 O-O 9. Bg5 cxd4 $14 10. Nxd4 h6 11. Bf4 a6 12. Rc1 Be6 13. Nxe6 fxe6 14. Qb3 Na5 15. Qa4 b5 16. Qd1 Rc8 17. Qd3 Bd6 18. Bh3 Qe7 19. Bxd6 Qxd6 20. e4 Rcd8 21. e5 Qxe5 22. Rfe1 Qh5 23. Bxe6+ Kh8 24. f4 d4 25. Nd1 Ng4 26. Bxg4 Qxg4 27. Nf2 Qf5 28. Rc7 Qxd3 29. Nxd3 Rc8 30. Rd7 Rfd8 31. Ree7 Rxd7 32. Rxd7 Rc2 33. Rxd4 Nc4 34. Rd8+ Kh7 35. b3 Ne3 36. Re8 Nd5 37. Re5 Nc3 38. Nb4 Rb2 39. Nxa6 Rxa2 40. Nc7 Rb2 41. Nxb5 Rxb3 42. Nxc3 Rxc3 43. Kg2 Rc2+ 44. Kh3 Kg6 45. g4 Rc3+ 46. Kh4 Kf6 47. Rf5+ Kg6 48. Rf8 Kh7 49. f5 g5+ 50. fxg6+ Kxg6 51. Ra8 Rc5 52. Ra6+ Kg7 53. Re6 Ra5 54. Re3 Kg6 55. Kg3 h5 1/2-1/2

[Event "Turkish Club Cup 2019"]
[Site "Konya"]
[Date "2019.07.19"]
[Round "6"]
[White "Celik, Musa"]
[Black "Yildiz, Tunahan"]
[Result "0-1"]
[ECO "B92"]
[WhiteElo "1773"]
[BlackElo "1719"]
[Annotator "NA"]
[PlyCount "72"]
[EventDate "2019.07.16"]
[EventType "team-tourn"]
[EventCountry "TUR"]
[SourceTitle "playchess.com"]
[Source "ChessBase"]
[SourceQuality "1"]
[TimeControl "5400+30"]

1. e4 c5 2. Nf3 d6 3. d4 cxd4 4. Nxd4 Nf6 5. Nc3 a6 6. Be2 e5 7. Nb3 Be7 8. Be3 Be6 9. O-O Nbd7 10. Kh1 Rc8 11. f4 O-O 12. f5 Bc4 13. Nd2 Bxe2 14. Qxe2 b5 15. a3 Nb6 16. Rad1 Nc4 17. Nxc4 Rxc4 18. Bg5 Nxe4 19. Nxe4 Bxg5 20. Nxd6 Rd4 21. Qxe5 Bf6 22. Qc5 Rxd1 23. Rxd1 Qe7 24. Qb4 Be5 25. Ne4 Qh4 26. h3 Qf4 27. Kg1 a5 28. Qxb5 Qxe4 29. Qxa5 Qxc2 30. Rd8 Qc1+ 31. Kf2 Qxb2+ 32. Kf1 Qb1+ 33. Ke2 Qc2+ 34. Kf1 Qxf5+ 35. Ke2 Qe6 36. Qa8 Bf6+ 0-1

[Event "Turkish Club Cup 2019"]
[Site "Konya"]
[Date "2019.07.19"]
[Round "6"]
[White "Sahin, Hayrun Nisa"]
[Black "Unsal, Omer"]
[Result "1/2-1/2"]
[ECO "B11"]
[WhiteElo "1772"]
[BlackElo "1586"]
[Annotator "NA"]
[PlyCount "91"]
[EventDate "2019.07.16"]
[EventType "team-tourn"]
[EventCountry "TUR"]
[SourceTitle "playchess.com"]
[Source "ChessBase"]
[SourceQuality "1"]
[TimeControl "5400+30"]

1. e4 d5 2. exd5 Nf6 3. Nc3 Nxd5 4. Bc4 c6 5. Qf3 Nf6 6. Ne4 Nbd7 7. d4 Nb6 8. Nxf6+ exf6 9. Bb3 Qxd4 10. Ne2 Qg4 11. Qe3+ Be7 12. Bd2 Nd5 13. Bxd5 cxd5 14. Nf4 Be6 15. f3 Qf5 16. O-O-O Rc8 17. Nd3 O-O 18. g4 d4 19. gxf5 dxe3 20. fxe6 exd2+ 21. Rxd2 fxe6 22. Re1 e5 23. f4 Bd6 24. fxe5 Bxe5 25. Nxe5 fxe5 26. Rde2 Rce8 27. Rxe5 Rxe5 28. Rxe5 Rf1+ 29. Kd2 Rf2+ 30. Re2 Rxe2+ 31. Kxe2 Kf7 32. Ke3 g5 33. Ke4 Ke6 34. c4 h5 35. b4 h4 36. a3 g4 37. Kf4 g3 38. hxg3 hxg3 39. Kxg3 Ke5 40. c5 a6 41. Kf3 Kd5 42. Ke3 Kc4 43. Kd2 Kb3 44. Kd3 Kxa3 45. Kc3 Ka4 46. Kc4 1/2-1/2

[Event "Turkish Club Cup 2019"]
[Site "Konya"]
[Date "2019.07.19"]
[Round "6"]
[White "Cakir, Ege"]
[Black "Kara, Ali Barkin"]
[Result "1-0"]
[ECO "A59"]
[WhiteElo "1765"]
[BlackElo "1749"]
[Annotator "NA"]
[PlyCount "51"]
[EventDate "2019.07.16"]
[EventType "team-tourn"]
[EventCountry "TUR"]
[SourceTitle "playchess.com"]
[Source "ChessBase"]
[SourceQuality "1"]
[TimeControl "5400+30"]

1. d4 Nf6 2. Nf3 g6 3. c4 c5 4. d5 b5 5. cxb5 a6 6. bxa6 Bg7 7. Nc3 Bxa6 8. e4 Bxf1 9. Kxf1 d6 10. g3 O-O 11. Kg2 Nbd7 12. h3 Ra6 13. Qe2 Qa8 14. Rb1 Rb6 15. Qc2 e6 16. Rd1 Re8 17. a3 exd5 18. exd5 Ne5 19. Nxe5 Rxe5 20. Qd3 Rb3 21. Qc4 Rxc3 22. bxc3 Rxd5 23. Rxd5 Nxd5 24. Kh2 Nxc3 25. Rb3 Ne4 26. Qd5 1-0

[Event "Turkish Club Cup 2019"]
[Site "Konya"]
[Date "2019.07.19"]
[Round "6"]
[White "Demir, Ugur"]
[Black "Anil, Ali Fazil"]
[Result "1/2-1/2"]
[ECO "B53"]
[WhiteElo "1763"]
[BlackElo "1999"]
[Annotator "NA"]
[PlyCount "139"]
[EventDate "2019.07.16"]
[EventType "team-tourn"]
[EventCountry "TUR"]
[SourceTitle "playchess.com"]
[Source "ChessBase"]
[SourceQuality "1"]
[TimeControl "5400+30"]

1. e4 c5 2. Nf3 d6 3. d4 cxd4 4. Qxd4 Nc6 5. Bb5 Bd7 6. Bxc6 Bxc6 7. Nc3 Nf6 8. Bg5 e6 9. O-O-O Be7 10. Bxf6 gxf6 11. Rhe1 Qa5 12. Nd2 Qc5 13. Qxc5 dxc5 14. Nc4 Bd8 15. Nd6+ Ke7 16. g3 a6 17. f4 Bc7 18. e5 fxe5 19. fxe5 Rhg8 20. Nce4 b6 21. Rf1 Raf8 22. Nf6 Rg7 23. g4 h6 24. h4 Rd8 25. g5 hxg5 26. h5 Rh8 27. h6 Rgh7 28. Nxh7 Rxh7 29. Rg1 Bf3 30. Rxg5 Bxd1 31. Rg7 Bxc2 32. Kxc2 Rxh6 33. Rxf7+ Kd8 34. Nb7+ Kc8 35. Nd6+ Bxd6 36. exd6 e5 37. Rc7+ Kd8 38. Rc6 Kd7 39. Rxb6 Rxd6 40. Rb7+ Ke6 41. Rc7 Kd5 42. Kd3 Rb6 43. b3 Rc6 44. Rd7+ Ke6 45. Rh7 Kd5 46. Rd7+ Rd6 47. Rc7 Rh6 48. Rd7+ Kc6 49. Ra7 Kb6 50. Re7 Rh2 51. Re6+ Kb5 52. a4+ Kb4 53. Rb6+ Ka3 54. Kc4 Rc2+ 55. Kd3 Rc1 56. Kd2 Rb1 57. Kc2 Rb2+ 58. Kc3 e4 59. Rxa6 Rxb3+ 60. Kc4 Kb2 61. Kxc5 Kc2 62. Re6 e3 63. a5 Kd2 64. a6 Ra3 65. Kb6 Rb3+ 66. Kc7 e2 67. Rxe2+ Kxe2 68. a7 Ra3 69. Kb7 Rxa7+ 70. Kxa7 1/2-1/2

[Event "Turkish Club Cup 2019"]
[Site "Konya"]
[Date "2019.07.19"]
[Round "6"]
[White "Aslan, Onat Ugur"]
[Black "Kesgin, Halit Kaan"]
[Result "1/2-1/2"]
[ECO "A03"]
[WhiteElo "1747"]
[BlackElo "2104"]
[Annotator "NA"]
[PlyCount "108"]
[EventDate "2019.07.16"]
[EventType "team-tourn"]
[EventCountry "TUR"]
[SourceTitle "playchess.com"]
[Source "ChessBase"]
[SourceQuality "1"]
[TimeControl "5400+30"]

1. Nf3 d5 2. b3 Nf6 3. Bb2 e6 4. e3 Be7 5. Be2 O-O 6. O-O c5 7. Ne5 b6 8. f4 $11 Bb7 9. Bf3 Nbd7 10. Qe1 Nxe5 11. fxe5 Nd7 12. Bg4 Qc7 13. Qg3 d4 14. exd4 cxd4 15. Bxd4 Bc5 16. Bf2 Qxe5 17. Qxe5 Nxe5 18. Bxc5 bxc5 19. Bf3 Nxf3+ 20. gxf3 f5 21. Nc3 e5 22. Rae1 Rfe8 23. d3 Bc6 24. a3 Rab8 25. Kf2 Kf7 26. Rb1 a5 27. Na4 c4 28. dxc4 Bxa4 29. bxa4 Rbc8 30. Rg1 Re7 31. Rb5 Rxc4 32. Rxa5 Rxc2+ 33. Kg3 Rc3 34. Rb1 g6 35. Rab5 Rxa3 36. a5 e4 37. R1b3 Rxb3 38. Rxb3 exf3 39. a6 Re6 40. Ra3 Re8 41. a7 Ra8 42. Kxf3 Ke6 43. Kf4 Kd5 44. Kg5 Kc6 45. Kh6 Kb6 46. Rb3+ Kc6 47. Kxh7 Rxa7+ 48. Kxg6 f4 49. Rf3 Ra4 50. h4 Kd5 51. Kf5 Kd6 52. Kf6 Kd5 53. Kf5 Kd6 54. Kf6 Kd5 1/2-1/2

[Event "Turkish Club Cup 2019"]
[Site "Konya"]
[Date "2019.07.19"]
[Round "6"]
[White "Toren, Kadir"]
[Black "Saridag, Omer Melih"]
[Result "1/2-1/2"]
[ECO "B45"]
[WhiteElo "1736"]
[BlackElo "1820"]
[Annotator "NA"]
[PlyCount "64"]
[EventDate "2019.07.16"]
[EventType "team-tourn"]
[EventCountry "TUR"]
[SourceTitle "playchess.com"]
[Source "ChessBase"]
[SourceQuality "1"]
[TimeControl "5400+30"]

1. e4 c5 2. Nf3 e6 3. d4 cxd4 4. Nxd4 Nf6 5. Nc3 Nc6 6. Ndb5 Bb4 7. a3 Bxc3+ 8. Nxc3 d5 9. exd5 exd5 10. Bd3 O-O 11. O-O d4 12. Ne4 Nxe4 13. Bxe4 Qf6 14. Qf3 Qxf3 15. Bxf3 Bf5 16. Bxc6 bxc6 17. c3 dxc3 18. bxc3 a6 19. Be3 Rfd8 20. Rfd1 Bd3 21. Bd4 Bc4 22. f3 Rd5 23. Bb6 Rb8 24. Rxd5 cxd5 25. Re1 Bb5 26. Bc5 Re8 27. Re7 Rxe7 28. Bxe7 f6 29. Kf2 Kf7 30. Bc5 Ke6 31. Ke3 g6 32. g4 Bc4 1/2-1/2

[Event "Turkish Club Cup 2019"]
[Site "Konya"]
[Date "2019.07.19"]
[Round "6"]
[White "Kargi, Mert"]
[Black "Keskin, Osman Orcun"]
[Result "1/2-1/2"]
[ECO "A26"]
[WhiteElo "1729"]
[BlackElo "1719"]
[Annotator "NA"]
[PlyCount "101"]
[EventDate "2019.07.16"]
[EventType "team-tourn"]
[EventCountry "TUR"]
[SourceTitle "playchess.com"]
[Source "ChessBase"]
[SourceQuality "1"]
[TimeControl "5400+30"]

1. c4 Nf6 2. Nf3 g6 3. Nc3 Bg7 4. e4 d6 5. g3 O-O 6. Bg2 e5 7. O-O Be6 8. d3 h6 9. h3 Nc6 10. Be3 Nd7 11. Qd2 Kh7 12. b3 f5 13. exf5 gxf5 14. d4 e4 15. Ne1 Qf6 16. Nc2 Bf7 17. f3 exf3 18. Rxf3 Ne7 19. g4 Bg6 20. Raf1 Qe6 21. Nb5 Rac8 22. d5 Qg8 23. Ncd4 a6 24. Nc3 Ne5 25. Rf4 fxg4 26. hxg4 Rxf4 27. Rxf4 Rf8 28. Rxf8 Qxf8 29. Ne6 Nf3+ 30. Kf2 Nxd2+ 31. Nxf8+ Bxf8 32. Bxd2 Bg7 33. Be4 Bxe4 34. Nxe4 Kg6 35. Kf3 Be5 36. Ba5 b6 37. Be1 Ng8 38. Bh4 Nf6 39. Bxf6 Bxf6 40. Nf2 b5 41. Nd3 Bd4 42. Nb4 bxc4 43. Nxa6 cxb3 44. axb3 Bb6 45. Kf4 Ba5 46. b4 Bb6 47. Nb8 Kf6 48. Nc6 Bf2 49. Nd8 Be1 50. Ne6 Bxb4 51. Nxc7 1/2-1/2

[Event "Turkish Club Cup 2019"]
[Site "Konya"]
[Date "2019.07.19"]
[Round "6"]
[White "Kazik, Oguz Kagan"]
[Black "Kiziltas, Inanc Vefa"]
[Result "1/2-1/2"]
[ECO "B15"]
[WhiteElo "1706"]
[BlackElo "1858"]
[Annotator "NA"]
[PlyCount "61"]
[EventDate "2019.07.16"]
[EventType "team-tourn"]
[EventCountry "TUR"]
[SourceTitle "playchess.com"]
[Source "ChessBase"]
[SourceQuality "1"]
[TimeControl "5400+30"]

1. e4 c6 2. d4 d5 3. Nc3 dxe4 4. Nxe4 Nf6 5. Ng3 e5 6. Nf3 exd4 7. Qxd4 Qxd4 8. Nxd4 Bc5 9. Ndf5 O-O 10. Be3 Bxe3 11. Nxe3 Be6 12. O-O-O Nbd7 13. Bc4 Nc5 14. Bxe6 Nxe6 15. Ngf5 Ne4 16. Rhf1 g6 17. Nd6 Nxd6 18. Rxd6 Rad8 19. Rfd1 Rxd6 20. Rxd6 Rd8 21. Rxd8+ Nxd8 22. Kd2 Kf8 23. Kd3 Ke7 24. Kd4 Ne6+ 25. Ke4 f6 26. f4 b5 27. b3 Kd6 28. g3 f5+ 29. Kd3 c5 30. c3 a6 31. a3 1/2-1/2

[Event "Turkish Club Cup 2019"]
[Site "Konya"]
[Date "2019.07.19"]
[Round "6"]
[White "Sevinc, Mesut"]
[Black "Basaran, Alp"]
[Result "0-1"]
[ECO "A36"]
[WhiteElo "1703"]
[BlackElo "1857"]
[Annotator "NA"]
[PlyCount "98"]
[EventDate "2019.07.16"]
[EventType "team-tourn"]
[EventCountry "TUR"]
[SourceTitle "playchess.com"]
[Source "ChessBase"]
[SourceQuality "1"]
[TimeControl "5400+30"]

1. c4 Nf6 2. g3 g6 3. Bg2 Bg7 4. e4 d6 5. Nc3 O-O 6. Nge2 c5 7. O-O Nc6 8. h3 a6 9. a4 Rb8 10. d3 Ne8 11. f4 Nc7 12. Be3 Nd4 13. Rb1 b5 14. b3 Bd7 15. Bd2 bxc4 16. dxc4 Bc6 17. Kh2 Nce6 18. Be3 f5 19. Nd5 Nxe2 20. Qxe2 Bxd5 21. exd5 Nd4 22. Bxd4 Bxd4 23. Rfe1 Rb7 24. h4 h5 25. Red1 Bf6 26. Qe6+ Kg7 27. Qe2 Qa5 28. Qc2 Rfb8 29. Rd3 Rb4 30. Bf3 Qb6 31. Bd1 Rxa4 32. bxa4 Qxb1 33. Rb3 Rxb3 34. Qxb3 Qc1 35. Qd3 Qb2+ 36. Qe2 Qd4 37. Kg2 Kf8 38. Kh2 Ke8 39. Kg2 Kd8 40. Qc2 Kc7 41. Qb3 Qd2+ 42. Kh3 Qf2 43. Qf3 Qxf3 44. Bxf3 Kb6 45. Kg2 Ka5 46. Kf1 Kxa4 47. Ke2 Kb4 48. Kd3 Bd4 49. g4 hxg4 0-1

[Event "Turkish Club Cup 2019"]
[Site "Konya"]
[Date "2019.07.19"]
[Round "6"]
[White "Adanmis, Ezgi"]
[Black "Dizdar, Didem Dilara"]
[Result "1-0"]
[ECO "C54"]
[WhiteElo "1692"]
[BlackElo "1419"]
[Annotator "NA"]
[PlyCount "101"]
[EventDate "2019.07.16"]
[EventType "team-tourn"]
[EventCountry "TUR"]
[SourceTitle "playchess.com"]
[Source "ChessBase"]
[SourceQuality "1"]
[TimeControl "5400+30"]

1. e4 e5 2. Nf3 Nc6 3. Bc4 Bc5 4. c3 Bb6 5. d3 Nf6 6. O-O d6 7. h3 a5 8. Be3 Bxe3 9. fxe3 Ne7 10. Nbd2 h6 11. Qe1 g5 12. Nxe5 dxe5 13. Rxf6 Be6 14. Bxe6 fxe6 15. Qe2 Kd7 16. Qg4 Qg8 17. Raf1 Re8 18. Nc4 Nc6 19. Qg3 Rh7 20. Nxe5+ Nxe5 21. Qxe5 b6 22. Qb5+ Kd8 23. e5 h5 24. g3 Qg7 25. b4 h4 26. g4 Qd7 27. Qxd7+ Rxd7 28. d4 axb4 29. cxb4 c5 30. bxc5 bxc5 31. Rd1 Kc7 32. Rc1 Rd5 33. Rxc5+ Rxc5 34. dxc5 Kc6 35. Rg6 Kxc5 36. Kf2 Kd5 37. Rxg5 Ra8 38. Rh5 Ke4 39. Rxh4 Rxa2+ 40. Kg3 Re2 41. g5+ Kxe5 42. Kf3 Rh2 43. Rh6 Kf5 44. h4 Rh3+ 45. Ke2 Rh2+ 46. Kd3 Rh1 47. Rf6+ Ke5 48. Rf4 Rg1 49. Ke2 Rg3 50. Kf2 Rh3 51. g6 1-0

[Event "Turkish Club Cup 2019"]
[Site "Konya"]
[Date "2019.07.19"]
[Round "6"]
[White "Uysal, Ugur"]
[Black "Tuncer, Orcun Ege"]
[Result "1-0"]
[ECO "D45"]
[WhiteElo "1689"]
[BlackElo "1626"]
[Annotator "NA"]
[PlyCount "111"]
[EventDate "2019.07.16"]
[EventType "team-tourn"]
[EventCountry "TUR"]
[SourceTitle "playchess.com"]
[Source "ChessBase"]
[SourceQuality "1"]
[TimeControl "5400+30"]

1. Nf3 Nf6 2. d4 e6 3. c4 d5 4. Nc3 c6 5. e3 Bb4 6. Qc2 Nbd7 7. Bd3 dxc4 8. Bxc4 b5 9. Bd3 a6 10. O-O O-O 11. Ne4 Bb7 12. a3 Be7 13. b4 Nxe4 14. Bxe4 Nf6 15. Bd2 Nxe4 16. Qxe4 Rc8 17. Qc2 Qc7 18. e4 Kh8 19. Rfe1 Rcd8 20. Bc3 f5 21. exf5 c5 22. dxc5 Bxf3 23. gxf3 Rxf5 24. Qe4 Rg5+ 25. Kh1 Rdd5 26. Qxe6 Bf8 27. Qe4 Rh5 28. f4 Rdf5 29. Be5 Qd8 30. Rad1 Qh4 31. Qg2 Rh6 32. Qg3 Rfh5 33. Bxg7+ Kg8 34. Bxh6+ Qxg3 35. fxg3 Rxh6 36. Rd5 Rc6 37. Kg2 Kg7 38. Kf3 a5 39. Ree5 axb4 40. axb4 Ra6 41. Rg5+ Kf7 42. Rgf5+ Kg7 43. Rd7+ Kg6 44. Rxf8 Ra3+ 45. Ke4 Ra1 46. Rd4 Kg7 47. Rf5 h6 48. Kd5 h5 49. c6 h4 50. c7 Rc1 51. Kd6 Kg6 52. Re5 hxg3 53. hxg3 Kf6 54. Kd7 Rh1 55. Rd6+ Kf7 56. Re7+ 1-0

[Event "Turkish Club Cup 2019"]
[Site "Konya"]
[Date "2019.07.19"]
[Round "6"]
[White "Coban, Suleyman"]
[Black "Unlu, Ahmet Berkin"]
[Result "0-1"]
[ECO "A20"]
[WhiteElo "1667"]
[BlackElo "1806"]
[Annotator "NA"]
[PlyCount "86"]
[EventDate "2019.07.16"]
[EventType "team-tourn"]
[EventCountry "TUR"]
[SourceTitle "playchess.com"]
[Source "ChessBase"]
[SourceQuality "1"]
[TimeControl "5400+30"]

1. c4 e5 2. d3 Nc6 3. Nf3 f5 4. g3 Nf6 5. Bg2 Bb4+ 6. Bd2 Bxd2+ 7. Qxd2 O-O 8. O-O d6 9. Nc3 Rb8 10. Rab1 Qe8 11. b4 Bd7 12. b5 Ne7 13. Ne1 Qh5 14. e3 g5 15. f3 Ng6 16. d4 Rbe8 17. Nd5 Nxd5 18. cxd5 f4 19. g4 fxe3 20. gxh5 exd2 21. hxg6 dxe1=Q 22. gxh7+ Kxh7 23. Rfxe1 exd4 24. Kf2 Kg7 25. Rec1 Rc8 26. Rc4 Rf4 27. a4 Kf6 28. Rbc1 c6 29. dxc6 bxc6 30. bxc6 Be6 31. Rb4 d3 32. Re4 Bf5 33. Rxf4 gxf4 34. Ke1 Ke5 35. Kd2 Rh8 36. h3 Rb8 37. Bf1 Kd4 38. c7 Rb2+ 39. Kd1 Bc8 40. Rc6 Ke3 41. Bxd3 Rd2+ 42. Ke1 Rxd3 43. h4 Kxf3 0-1

[Event "Turkish Club Cup 2019"]
[Site "Konya"]
[Date "2019.07.19"]
[Round "6"]
[White "Polat, Ahmet Eren"]
[Black "Emir, Emirhan"]
[Result "0-1"]
[ECO "C01"]
[WhiteElo "1651"]
[BlackElo "1904"]
[Annotator "NA"]
[PlyCount "60"]
[EventDate "2019.07.16"]
[EventType "team-tourn"]
[EventCountry "TUR"]
[SourceTitle "playchess.com"]
[Source "ChessBase"]
[SourceQuality "1"]
[TimeControl "5400+30"]

1. d4 e6 2. e4 d5 3. exd5 exd5 4. Bd3 c5 5. dxc5 Bxc5 6. Ne2 Nf6 7. O-O O-O 8. Nd2 Nc6 9. Nb3 Bd6 10. Bf4 Bg4 11. Bxd6 Qxd6 12. f3 Bh5 13. Ng3 Bg6 14. Bxg6 hxg6 15. Re1 Rfd8 16. c3 Rac8 17. Qd2 a5 18. a4 Qc7 19. Qe3 Re8 20. Qc5 Qf4 21. Rxe8+ Rxe8 22. Qf2 Qc4 23. Nd2 Qd3 24. Nb3 Qc4 25. Nd2 Qf4 26. Nb3 Nd7 27. Nc5 d4 28. cxd4 Qe3 29. Kf1 Nxd4 30. Rd1 Nf5 0-1

[Event "Turkish Club Cup 2019"]
[Site "Konya"]
[Date "2019.07.19"]
[Round "6"]
[White "Ekici, Caner"]
[Black "Aykin, Bora"]
[Result "1-0"]
[ECO "A14"]
[WhiteElo "1650"]
[BlackElo "1556"]
[Annotator "NA"]
[PlyCount "87"]
[EventDate "2019.07.16"]
[EventType "team-tourn"]
[EventCountry "TUR"]
[SourceTitle "playchess.com"]
[Source "ChessBase"]
[SourceQuality "1"]
[TimeControl "5400+30"]

1. Nf3 Nf6 2. c4 e6 3. b3 Be7 4. Bb2 b6 5. g3 Bb7 6. Bg2 O-O 7. O-O d5 8. d3 c5 9. Nbd2 d4 10. Qc2 Nc6 11. Ne4 Qc7 12. a3 e5 13. Bc1 Nxe4 14. dxe4 Bd6 15. g4 Rae8 16. Bg5 Qc8 17. h3 Qa8 18. Nh4 Be7 19. Bxe7 Nxe7 20. f3 g6 21. Qd2 f6 22. b4 a5 23. Rfb1 Bc6 24. Bf1 Rb8 25. Ng2 Nc8 26. Ne1 Nd6 27. e3 Rfd8 28. exd4 exd4 29. Qf4 Kg7 30. g5 Ne8 31. Nd3 cxb4 32. axb4 Qa7 33. gxf6+ Nxf6 34. Qe5 Ra8 35. Nf4 Bd7 36. Qe7+ Kg8 37. Qxf6 Rf8 38. Qe5 Rae8 39. Qd6 g5 40. Qd5+ Rf7 41. Nh5 Kf8 42. bxa5 bxa5 43. Rb7 Qa6 44. Rxd7 1-0